Rafales vs Atomiques
Created - 8 décembre 2016 at 00:03
Goals
|
| Rafales |
2 |
2 |
1 |
0 |
0 |
5 |
| Atomiques |
2 |
0 |
3 |
0 |
1 |
6 |
|
Shots
|
| Rafales |
17 |
7 |
14 |
2 |
3 |
40 |
| Atomiques |
18 |
6 |
10 |
3 |
3 |
37 |
|
1st period
1. Rafales , Cody McLeod 14 (Mike Zigomanis) at 2:22 (PP)
2. Rafales , Cody McLeod 15 (Michael Bournival, Jonas Junland) at 4:44
3. Atomiques , Ryan Shannon 18 (Kyle Wharton) at 7:02
4. Atomiques , Brett Sutter 7 (Alex Berry, John McCarthy) at 10:31
Penalties :
Dmitri Orlov (STB) for High sticking (Minor) at 2:14, Tyler Brenner (STB) for High sticking (Minor) at 17:24
2nd period
5. Rafales , Nathan Davis 4 (Jonas Junland) at 3:07
6. Rafales , Cody McLeod 16 (Mike Zigomanis, Milan Bartovic) at 6:56
Penalties :
Kenndal McArdle (STB) for Hooking (Minor) at 0:30, John McCarthy (STB) for Hooking (Minor) at 9:28
3rd period
7. Atomiques , Andrew Kozek 6 (Ryan Shannon, Marc-André Cliche) at 5:19
8. Atomiques , Mitch Callahan 2 (Shawn Belle, Alexander Sulzer) at 7:34
9. Rafales , Milan Bartovic 5 (Cody McLeod) at 13:54
10. Atomiques , Brett Sutter 8 (Alexander Sulzer, Ryan Shannon) at 14:47
Penalties :
Branko Radivojevic (STB) for Holding (Minor) at 16:08, Tyler Brenner (STB) for Kneeing (Minor) at 16:24, Shawn Belle (STB) for Roughing (Minor) at 19:34
Overtime #1
No Goal
Penalties :
No Penalty
Shootout
Penalty Shot by Mike Zigomanis for Rafales - Shot Misses the Net
Penalty Shot by Branko Radivojevic for Atomiques - Stopped by John Gibson
Penalty Shot by Cody McLeod for Rafales - Stopped by Sergei Bobrovsky
Penalty Shot by Tyler Brenner for Atomiques - Stopped by John Gibson
Penalty Shot by Milan Bartovic for Rafales - Stopped by Sergei Bobrovsky
Penalty Shot by Kenndal McArdle for Atomiques - Goal!
Penalties :
No Penalty
Goalie Stats
John Gibson (Stf), 32 saves from 37 shots - (0,865), OTL, 7-5-2, 65:00 minutes
Sergei Bobrovsky (STB), 35 saves from 40 shots - (0,875), W, 11-6-1, 65:00 minutes
Players Stats for Rafales
Player Name G A P +/- PIM S H SB GA TA FO MP PP MP PK MP
------------------------------------------------------------------------------------
Cody McLeod 3 1 4 1 0 7 2 0 0 1 3/4 25:12 5:19 0:00
Connor Murphy 0 0 0 -1 0 0 1 2 0 0 0/0 31:49 5:06 0:00
Jeff Skinner 0 0 0 -2 0 2 1 0 0 0 1/1 19:09 3:15 0:00
Johan Ryno 0 0 0 0 0 3 1 0 1 0 0/0 8:52 0:11 0:00
Jonas Junland 0 2 2 -1 0 1 1 1 1 0 0/0 20:30 3:39 0:00
Jonathan Rheault 0 0 0 -2 0 1 3 0 0 0 0/2 14:42 0:00 0:00
Kevin Veilleux 0 0 0 0 0 1 0 0 0 0 0/2 8:35 0:00 0:00
Marc-André Gragnani 0 0 0 1 0 0 1 0 0 0 0/0 13:00 0:00 0:00
Mark Fayne 0 0 0 1 0 1 0 0 0 1 0/0 16:58 3:39 0:00
Matt Gilroy 0 0 0 -1 0 5 5 1 0 6 0/0 30:51 5:06 0:00
Michael Bournival 0 1 1 0 0 1 1 0 0 0 0/0 13:01 3:15 0:00
Mike Sislo 0 0 0 0 0 4 1 0 0 0 0/1 11:36 0:11 0:00
Mike Zigomanis 0 2 2 1 0 4 1 0 0 0 21/42 25:18 5:27 0:00
Milan Bartovic 1 1 2 1 0 4 1 0 0 1 1/1 23:10 5:19 0:00
Nathan Davis 1 0 1 0 0 3 1 0 0 0 7/11 14:04 3:15 0:00
Ryan Bourque 0 0 0 -2 0 1 0 0 0 0 4/14 16:14 0:03 0:00
Tim Crowder 0 0 0 0 0 2 0 0 0 0 0/0 10:18 0:00 0:00
Willie Mitchell 0 0 0 -1 0 0 2 4 0 0 0/0 16:41 0:00 0:00
Players Stats for Atomiques
Player Name G A P +/- PIM S H SB GA TA FO MP PP MP PK MP
------------------------------------------------------------------------------------
Alex Berry 0 1 1 0 0 0 3 1 1 0 2/2 14:26 0:00 3:02
Alexander Sulzer 0 2 2 4 0 1 2 6 2 0 0/0 30:34 0:00 7:03
Andrew Kozek 1 0 1 1 0 3 0 1 0 0 1/1 16:08 0:00 1:28
Anthony Nigro 0 0 0 0 0 0 1 1 0 0 1/3 8:14 0:00 0:00
Branko Radivojevic 0 0 0 0 2 4 1 0 2 0 6/13 23:52 0:00 5:23
Brett Sutter 2 0 2 0 0 2 5 1 0 0 3/7 13:38 0:00 1:37
Davis Drewiske 0 0 0 -1 0 1 4 0 0 0 0/0 21:34 0:00 3:16
Dmitri Orlov 0 0 0 -2 2 1 1 1 0 1 0/0 14:34 0:00 1:43
John McCarthy 0 1 1 0 2 3 3 0 0 0 0/0 12:09 0:00 0:00
Kenndal McArdle 0 0 0 0 2 6 6 0 0 0 1/2 18:59 0:00 0:40
Kyle Wharton 0 1 1 -1 0 2 0 1 0 1 0/0 21:34 0:00 3:16
Marc-André Cliche 0 1 1 1 0 1 1 0 0 0 10/15 14:34 0:00 0:18
Mike Halmo 0 0 0 0 0 0 1 0 0 0 0/0 8:18 0:00 0:04
Mitch Callahan 1 0 1 0 0 1 0 0 0 0 0/0 8:14 0:00 0:00
Roman Polak 0 0 0 -2 0 0 1 2 0 0 0/0 12:52 0:00 0:00
Ryan Shannon 1 2 3 1 0 7 2 1 2 0 3/3 16:41 0:00 1:31
Shawn Belle 0 1 1 4 2 3 6 0 1 0 0/0 29:11 0:00 5:20
Tyler Brenner 0 0 0 0 4 2 2 0 1 0 14/32 22:19 0:00 3:17
3 Stars
1 - Cody McLeod (Stf)
2 - Brett Sutter (STB)
3 - Alexander Sulzer (STB)
Power Play
Rafales - 1 on 7 Attempt(s) - 14,29%
Atomiques - 0 on 0 Attempt(s) - 0,00%
Penalty Kill
Rafales - 0 on 0 Attempt(s) - 0,00%
- Score 0 goal in Penalty Kill
Atomiques - 6 on 7 Attempt(s) - 85,71%
- Score 0 goal in Penalty Kill
Team Stat
Rafales - Hits : 22 - Faceoff Wins : 37 - Blocked Shots : 8 - Penalty Minutes : 0
Atomiques - Hits : 39 - Faceoff Wins : 41 - Blocked Shots : 15 - Penalty Minutes : 14
Official
Referees : O'Halloran Dan and Pollock Kevin
Linesman : Scott Cherrey and Brian Murphy
Game Notes
Cody McLeod has scored a Hat Trick!
Finance
Level 1 -- Attendance: 1561 (78,05%) -- Ticket Income 54 635 $
Level 2 -- Attendance: 710 (71,00%) -- Ticket Income 10 650 $
Total Attendance: 2271 (75,70%)
Total Ticket Income: 65 285 $
Other Income: 3 264 $
Total Income: 68 549 $
Rafales
5 vs 5 Forward
Center Left Wing Right Wing Time % Phy DF OF
1 Mike Zigomanis Cody McLeod Milan Bartovic 40 0 0 5
2 Ryan Bourque Jeff Skinner Jonathan Rheault 30 0 0 5
3 Nathan Davis Mike Sislo Tim Crowder 20 0 0 5
4 Kevin Veilleux Michael Bournival Johan Ryno 10 0 0 5
5 vs 5 Defense
Defense Defense Time % Phy DF OF
1 Connor Murphy Matt Gilroy 40 1 2 2
2 Willie Mitchell Jonas Junland 30 1 2 2
3 Marc-André Gragnani Mark Fayne 20 1 2 2
4 Connor Murphy Matt Gilroy 10 1 2 2
PowerPlay Forward
Center Left Wing Right Wing Time % Phy DF OF
1 Mike Zigomanis Cody McLeod Milan Bartovic 60 1 0 4
2 Nathan Davis Michael Bournival Jeff Skinner 40 1 0 4
PowerPlay Defense
Defense Defense Time % Phy DF OF
1 Connor Murphy Matt Gilroy 60 1 0 4
2 Mark Fayne Jonas Junland 40 1 0 4
Penalty Kill 4 Players Forward
Center Wing Time % Phy DF OF
1 Mike Zigomanis Cody McLeod 60 1 3 1
2 Milan Bartovic Mike Sislo 40 1 3 1
Penalty Kill 4 Players Defense
Defense Defense Time % Phy DF OF
1 Connor Murphy Willie Mitchell 60 2 3 0
2 Matt Gilroy Jonas Junland 40 2 3 0
Penalty Kill - 3 Players Forward
Forward Time % Phy DF OF
1 Mike Zigomanis 60 1 4 0
2 Cody McLeod 40 1 4 0
Penalty Kill - 3 Players Defense
Defense Defense Time % Phy DF OF
1 Mark Fayne Willie Mitchell 60 2 3 0
2 Matt Gilroy Jonas Junland 40 2 3 0
4 vs 4 Forward
Center Wing Time % Phy DF OF
1 Mike Zigomanis Cody McLeod 60 1 1 3
2 Milan Bartovic Jeff Skinner 40 1 1 3
4 vs 4 Defense
Defense Defense Time % Phy DF OF
1 Connor Murphy Mark Fayne 60 1 3 1
2 Matt Gilroy Jonas Junland 40 1 3 1
Last Minutes Offensive
Center Left Wing Right Wing Defense Defense
Mike Zigomanis Cody McLeod Milan Bartovic Matt Gilroy Connor Murphy
Last Minutes Defensive
Center Left Wing Right Wing Defense Defense
Mike Zigomanis Cody McLeod Milan Bartovic Willie Mitchell Mark Fayne
Goaltenders
Starting : John Gibson
Backup : Philipp Grubauer
Extra Forwards
Normal : Jeff Skinner, Mike Zigomanis, Michael Bournival - PP : Jeff Skinner, Nathan Davis - PK : Tim Crowder
Extra Defensemen
Normal : Connor Murphy, Mark Fayne, Matt Gilroy - PP : Matt Gilroy - PK : Mark Fayne, Matt Gilroy
Penalty Shots
Mike Zigomanis, Cody McLeod, Milan Bartovic, Tim Crowder, Jeff Skinner
Atomiques
5 vs 5 Forward
Center Left Wing Right Wing Time % Phy DF OF
1 Tyler Brenner Kenndal McArdle Branko Radivojevic 40 1 2 2
2 Marc-André Cliche Andrew Kozek Ryan Shannon 30 1 2 2
3 Brett Sutter John McCarthy Alex Berry 20 1 2 2
4 Anthony Nigro Mike Halmo Mitch Callahan 10 1 2 2
5 vs 5 Defense
Defense Defense Time % Phy DF OF
1 Alexander Sulzer Shawn Belle 40 1 2 2
2 Davis Drewiske Kyle Wharton 30 1 2 2
3 Roman Polak Dmitri Orlov 20 1 2 2
4 Alexander Sulzer Shawn Belle 10 1 2 2
PowerPlay Forward
Center Left Wing Right Wing Time % Phy DF OF
1 Tyler Brenner Kenndal McArdle Branko Radivojevic 60 1 2 2
2 Marc-André Cliche Andrew Kozek Ryan Shannon 40 1 2 2
PowerPlay Defense
Defense Defense Time % Phy DF OF
1 Alexander Sulzer Shawn Belle 60 1 2 2
2 Davis Drewiske Kyle Wharton 40 1 2 2
Penalty Kill 4 Players Forward
Center Wing Time % Phy DF OF
1 Branko Radivojevic Tyler Brenner 60 1 2 2
2 Kenndal McArdle Ryan Shannon 40 1 2 2
Penalty Kill 4 Players Defense
Defense Defense Time % Phy DF OF
1 Alexander Sulzer Shawn Belle 60 1 2 2
2 Davis Drewiske Kyle Wharton 40 1 2 2
Penalty Kill - 3 Players Forward
Forward Time % Phy DF OF
1 Branko Radivojevic 60 1 2 2
2 Tyler Brenner 40 1 2 2
Penalty Kill - 3 Players Defense
Defense Defense Time % Phy DF OF
1 Alexander Sulzer Shawn Belle 60 1 2 2
2 Davis Drewiske Kyle Wharton 40 1 2 2
4 vs 4 Forward
Center Wing Time % Phy DF OF
1 Branko Radivojevic Tyler Brenner 60 1 2 2
2 Kenndal McArdle Ryan Shannon 40 1 2 2
4 vs 4 Defense
Defense Defense Time % Phy DF OF
1 Alexander Sulzer Shawn Belle 60 1 2 2
2 Davis Drewiske Kyle Wharton 40 1 2 2
Last Minutes Offensive
Center Left Wing Right Wing Defense Defense
Tyler Brenner Kenndal McArdle Branko Radivojevic Alexander Sulzer Shawn Belle
Last Minutes Defensive
Center Left Wing Right Wing Defense Defense
Tyler Brenner Kenndal McArdle Branko Radivojevic Alexander Sulzer Shawn Belle
Goaltenders
Starting : Sergei Bobrovsky
Backup : Jeremy Smith
Extra Forwards
Normal : Brett Sutter, John McCarthy, Alex Berry - PP : Brett Sutter, John McCarthy - PK : Alex Berry
Extra Defensemen
Normal : Roman Polak, Dmitri Orlov, Davis Drewiske - PP : Roman Polak - PK : Dmitri Orlov, Davis Drewiske
Penalty Shots
Branko Radivojevic, Tyler Brenner, Kenndal McArdle, Ryan Shannon, Andrew Kozek
% Time on Ice - Rafales
Lines # - Real PCT - Wanted PCT - Time Play
Normal Forward
1 - 34% - 40% - 17:37
2 - 29% - 30% - 14:45
3 - 20% - 20% - 10:18
4 - 17% - 10% - 8:35
Normal Defense
1 - 41% - 40% - 20:48
2 - 31% - 30% - 15:58
3 - 22% - 20% - 11:07
4 - 7% - 10% - 3:22
PP Forward
1 - 63% - 60% - 5:30
2 - 37% - 40% - 3:15
PP Defense
1 - 58% - 60% - 5:06
2 - 42% - 40% - 3:39
PK Forward
1 - 0% - 60%
2 - 0% - 40%
PK Defense
1 - 0% - 60%
2 - 0% - 40%
PK3 Forward
1 - 0% - 60%
2 - 0% - 40%
PK3 Defense
1 - 0% - 60%
2 - 0% - 40%
44 Forward
1 - 93% - 60% - 4:40
2 - 7% - 40% - 0:20
44 Defense
1 - 69% - 60% - 3:26
2 - 31% - 40% - 1:34
Last Minute Offensive - 0:00
Last Minute Defensive - 0:00
Total
Forward - 65:00
Defense - 65:00
|
% Time on Ice - Atomiques
Lines # - Real PCT - Wanted PCT - Time Play
Normal Forward
1 - 34% - 40% - 17:35
2 - 28% - 30% - 14:20
3 - 22% - 20% - 11:06
4 - 16% - 10% - 8:14
Normal Defense
1 - 38% - 40% - 19:20
2 - 32% - 30% - 16:34
3 - 24% - 20% - 12:18
4 - 6% - 10% - 3:03
PP Forward
1 - 0% - 60%
2 - 0% - 40%
PP Defense
1 - 0% - 60%
2 - 0% - 40%
PK Forward
1 - 78% - 60% - 5:31
2 - 22% - 40% - 1:31
PK Defense
1 - 65% - 60% - 4:34
2 - 35% - 40% - 2:28
PK3 Forward
1 - 89% - 60% - 2:56
2 - 11% - 40% - 0:21
PK3 Defense
1 - 76% - 60% - 2:29
2 - 24% - 40% - 0:48
44 Forward
1 - 66% - 60% - 2:15
2 - 34% - 40% - 1:11
44 Defense
1 - 50% - 60% - 1:42
2 - 50% - 40% - 1:44
Last Minute Offensive - 0:00
Last Minute Defensive - 0:00
Total
Forward - 65:00
Defense - 65:00
|
Play by Play
1st period
0:01 of 1st period - Mike Zigomanis wins face-off versus Tyler Brenner in neutral zone.
0:06 of 1st period - Slapshot by Milan Bartovic.
0:06 of 1st period - Deflect By Mike Zigomanis.
0:06 of 1st period - Shot Misses the Net.
0:06 of 1st period - Puck is out of play.
0:07 of 1st period - Mike Zigomanis wins face-off versus Tyler Brenner in Atomiques zone.
0:50 of 1st period - Off-side.
0:51 of 1st period - Nathan Davis wins face-off versus Brett Sutter in neutral zone.
1:26 of 1st period - Wrist shot by Johan Ryno.
1:26 of 1st period - Stopped by Sergei Bobrovsky without a rebound.
1:27 of 1st period - Ryan Bourque wins face-off versus Tyler Brenner in Atomiques zone.
1:30 of 1st period - Wrist shot by Jeff Skinner.
1:30 of 1st period - Stopped by Sergei Bobrovsky without a rebound.
1:31 of 1st period - Tyler Brenner wins face-off versus Ryan Bourque in Atomiques zone.
1:42 of 1st period - Backhand shot by Kenndal McArdle.
1:42 of 1st period - Stopped by John Gibson without a rebound.
1:43 of 1st period - Ryan Shannon wins face-off versus Mike Zigomanis in Rafales zone.
1:46 of 1st period - Wrist shot by Ryan Shannon.
1:46 of 1st period - Deflect By Andrew Kozek.
1:46 of 1st period - Shot Misses the Net.
1:46 of 1st period - Puck is out of play.
1:47 of 1st period - Mike Zigomanis wins face-off versus Marc-André Cliche in Rafales zone.
2:00 of 1st period - Wrist shot by Milan Bartovic.
2:00 of 1st period - Stopped by Sergei Bobrovsky without a rebound.
2:01 of 1st period - Nathan Davis wins face-off versus Tyler Brenner in Atomiques zone.
2:12 of 1st period - Slapshot by Mike Sislo.
2:12 of 1st period - Stopped by Sergei Bobrovsky with a rebound.
2:14 of 1st period - Minor Penalty to Dmitri Orlov for High sticking.
2:15 of 1st period - Cody McLeod wins face-off versus Tyler Brenner in Atomiques zone.
2:18 of 1st period - Wrist shot by Cody McLeod.
2:18 of 1st period - Shot Blocked by Alexander Sulzer.
2:22 of 1st period - Snap shot by Cody McLeod.
2:22 of 1st period - Goal by Cody McLeod - Rafales : 1 - Atomiques : 0.
2:23 of 1st period - Mike Zigomanis wins face-off versus Marc-André Cliche in neutral zone.
2:30 of 1st period - Slapshot by Shawn Belle.
2:30 of 1st period - Stopped by John Gibson with a rebound.
2:53 of 1st period - Slapshot by Kenndal McArdle.
2:53 of 1st period - Stopped by John Gibson with a rebound.
2:55 of 1st period - Snap shot by Branko Radivojevic.
2:55 of 1st period - Shot Misses the Net.
2:57 of 1st period - Slapshot by Kyle Wharton.
2:57 of 1st period - Shot Blocked by Willie Mitchell.
3:07 of 1st period - Willie Mitchell is hit by Anthony Nigro.
3:14 of 1st period - Icing by Jonathan Rheault.
3:15 of 1st period - Brett Sutter wins face-off versus Ryan Bourque in Rafales zone.
3:40 of 1st period - Snap shot by Cody McLeod.
3:40 of 1st period - Shot Misses the Net.
4:22 of 1st period - Wrist shot by Michael Bournival.
4:22 of 1st period - Stopped by Sergei Bobrovsky with a rebound.
4:44 of 1st period - Wrist shot by Cody McLeod.
4:44 of 1st period - Goal by Cody McLeod - Rafales : 2 - Atomiques : 0.
4:45 of 1st period - Mike Zigomanis wins face-off versus Tyler Brenner in neutral zone.
5:12 of 1st period - Matt Gilroy is hit by Shawn Belle and loses puck.
5:39 of 1st period - Wrist shot by Alex Berry.
5:39 of 1st period - Shot Misses the Net.
5:41 of 1st period - Snap shot by John McCarthy.
5:41 of 1st period - Stopped by John Gibson without a rebound.
5:42 of 1st period - Tyler Brenner wins face-off versus Mike Zigomanis in Rafales zone.
6:04 of 1st period - Icing by Marc-André Gragnani.
6:05 of 1st period - Ryan Shannon wins face-off versus Jonathan Rheault in Rafales zone.
6:29 of 1st period - Off-side.
6:30 of 1st period - Tyler Brenner wins face-off versus Mike Zigomanis in neutral zone.
6:55 of 1st period - Mike Zigomanis is hit by Davis Drewiske and loses puck.
7:00 of 1st period - Snap shot by Ryan Shannon.
7:00 of 1st period - Shot Misses the Net.
7:02 of 1st period - Snap shot by Ryan Shannon.
7:02 of 1st period - Goal by Ryan Shannon - Rafales : 2 - Atomiques : 1.
7:03 of 1st period - Tyler Brenner wins face-off versus Mike Sislo in neutral zone.
7:15 of 1st period - Snap shot by Kenndal McArdle.
7:15 of 1st period - Stopped by John Gibson with a rebound.
7:29 of 1st period - John McCarthy is hit by Jonathan Rheault and loses puck.
7:36 of 1st period - Slapshot by Jeff Skinner.
7:36 of 1st period - Shot Blocked by Alexander Sulzer.
8:00 of 1st period - Wrist shot by Marc-André Cliche.
8:00 of 1st period - Shot Misses the Net.
8:02 of 1st period - Slapshot by Alexander Sulzer.
8:02 of 1st period - Shot Misses the Net.
8:04 of 1st period - Snap shot by Shawn Belle.
8:04 of 1st period - Stopped by John Gibson with a rebound.
8:20 of 1st period - Backhand shot by Branko Radivojevic.
8:20 of 1st period - Stopped by John Gibson without a rebound.
8:21 of 1st period - Tyler Brenner wins face-off versus Kevin Veilleux in Rafales zone.
8:46 of 1st period - Wrist shot by Kenndal McArdle.
8:46 of 1st period - Stopped by John Gibson with a rebound.
8:48 of 1st period - Wrist shot by Kenndal McArdle.
8:48 of 1st period - Stopped by John Gibson with a rebound.
8:50 of 1st period - Snap shot by Branko Radivojevic.
8:50 of 1st period - Shot Blocked by Jonas Junland.
8:52 of 1st period - Snap shot by Branko Radivojevic.
8:52 of 1st period - Stopped by John Gibson without a rebound.
8:53 of 1st period - Andrew Kozek wins face-off versus Ryan Bourque in Rafales zone.
8:58 of 1st period - Snap shot by Ryan Shannon.
8:58 of 1st period - Deflect By Marc-André Cliche.
8:58 of 1st period - Stopped by John Gibson without a rebound.
8:59 of 1st period - Marc-André Cliche wins face-off versus Ryan Bourque in Rafales zone.
9:02 of 1st period - Slapshot by Davis Drewiske.
9:02 of 1st period - Stopped by John Gibson without a rebound.
9:03 of 1st period - Marc-André Cliche wins face-off versus Ryan Bourque in Rafales zone.
9:08 of 1st period - Snap shot by Marc-André Cliche.
9:08 of 1st period - Shot Misses the Net.
9:10 of 1st period - Slapshot by Kyle Wharton.
9:10 of 1st period - Deflect By Andrew Kozek.
9:10 of 1st period - Stopped by John Gibson without a rebound.
9:11 of 1st period - Nathan Davis wins face-off versus Anthony Nigro in Rafales zone.
9:33 of 1st period - Icing by Mike Sislo.
9:34 of 1st period - Brett Sutter wins face-off versus Nathan Davis in Rafales zone.
9:35 of 1st period - Wrist shot by John McCarthy.
9:35 of 1st period - Stopped by John Gibson with a rebound.
10:01 of 1st period - Slapshot by Matt Gilroy.
10:01 of 1st period - Shot Blocked by Andrew Kozek.
10:03 of 1st period - Slapshot by Matt Gilroy.
10:03 of 1st period - Deflect By Cody McLeod.
10:03 of 1st period - Stopped by Sergei Bobrovsky with a rebound.
10:05 of 1st period - Slapshot by Mike Zigomanis.
10:05 of 1st period - Shot Blocked by Ryan Shannon.
10:07 of 1st period - Slapshot by Matt Gilroy.
10:07 of 1st period - Stopped by Sergei Bobrovsky with a rebound.
10:31 of 1st period - Slapshot by Alex Berry.
10:31 of 1st period - Deflect By Brett Sutter.
10:31 of 1st period - Goal by Brett Sutter - Rafales : 2 - Atomiques : 2.
10:32 of 1st period - Mike Zigomanis wins face-off versus Tyler Brenner in neutral zone.
10:43 of 1st period - Snap shot by Kenndal McArdle.
10:43 of 1st period - Shot Misses the Net.
10:45 of 1st period - Snap shot by Alexander Sulzer.
10:45 of 1st period - Shot Blocked by Connor Murphy.
11:02 of 1st period - Shawn Belle is hit by Milan Bartovic and loses puck.
11:09 of 1st period - Slapshot by Milan Bartovic.
11:09 of 1st period - Shot Misses the Net.
11:11 of 1st period - Wrist shot by Milan Bartovic.
11:11 of 1st period - Shot Blocked by Alexander Sulzer.
11:13 of 1st period - Slapshot by Jonas Junland.
11:13 of 1st period - Stopped by Sergei Bobrovsky with a rebound.
11:23 of 1st period - Snap shot by John McCarthy.
11:23 of 1st period - Stopped by John Gibson without a rebound.
11:24 of 1st period - Marc-André Cliche wins face-off versus Ryan Bourque in Rafales zone.
11:56 of 1st period - Snap shot by Branko Radivojevic.
11:56 of 1st period - Shot Blocked by Connor Murphy.
11:58 of 1st period - Snap shot by Kenndal McArdle.
11:58 of 1st period - Shot Misses the Net.
12:16 of 1st period - Wrist shot by Johan Ryno.
12:16 of 1st period - Stopped by Sergei Bobrovsky without a rebound.
12:17 of 1st period - Tyler Brenner wins face-off versus Ryan Bourque in Atomiques zone.
12:42 of 1st period - Marc-André Gragnani is hit by Alexander Sulzer.
12:54 of 1st period - Wrist shot by Jonathan Rheault.
12:54 of 1st period - Shot Blocked by Alexander Sulzer.
13:06 of 1st period - Wrist shot by Jonathan Rheault.
13:06 of 1st period - Deflect By Jeff Skinner.
13:06 of 1st period - Shot Misses the Net.
13:06 of 1st period - Puck is out of play.
13:07 of 1st period - Marc-André Cliche wins face-off versus Mike Zigomanis in Atomiques zone.
13:07 of 1st period - Marc-André Cliche is hit by Cody McLeod.
13:34 of 1st period - Slapshot by Ryan Shannon.
13:34 of 1st period - Stopped by John Gibson without a rebound.
13:35 of 1st period - Nathan Davis wins face-off versus Tyler Brenner in Rafales zone.
13:40 of 1st period - Wrist shot by Mike Sislo.
13:40 of 1st period - Shot Misses the Net.
13:42 of 1st period - Slapshot by Nathan Davis.
13:42 of 1st period - Deflect By Tim Crowder.
13:42 of 1st period - Stopped by Sergei Bobrovsky with a rebound.
13:44 of 1st period - Wrist shot by Mike Sislo.
13:44 of 1st period - Deflect By Nathan Davis.
13:44 of 1st period - Stopped by Sergei Bobrovsky with a rebound.
13:46 of 1st period - Snap shot by Tim Crowder.
13:46 of 1st period - Shot Misses the Net.
13:48 of 1st period - Wrist shot by Tim Crowder.
13:48 of 1st period - Stopped by Sergei Bobrovsky without a rebound.
13:49 of 1st period - Mike Zigomanis wins face-off versus Anthony Nigro in Atomiques zone.
14:00 of 1st period - Slapshot by Alexander Sulzer.
14:00 of 1st period - Shot Misses the Net.
15:42 of 1st period - Jonas Junland is hit by Kenndal McArdle and loses puck.
16:14 of 1st period - Snap shot by Johan Ryno.
16:14 of 1st period - Shot Misses the Net.
16:53 of 1st period - Snap shot by Mike Sislo.
16:53 of 1st period - Stopped by Sergei Bobrovsky with a rebound.
17:21 of 1st period - Slapshot by Matt Gilroy.
17:21 of 1st period - Stopped by Sergei Bobrovsky without a rebound.
17:22 of 1st period - Tyler Brenner wins face-off versus Mike Zigomanis in Atomiques zone.
17:24 of 1st period - Minor Penalty to Tyler Brenner for High sticking.
17:25 of 1st period - Branko Radivojevic wins face-off versus Mike Zigomanis in Atomiques zone.
17:34 of 1st period - Off-side.
17:35 of 1st period - Mike Zigomanis wins face-off versus Branko Radivojevic in neutral zone.
18:35 of 1st period - Wrist shot by Cody McLeod.
18:35 of 1st period - Shot Hit the Post.
18:37 of 1st period - Slapshot by Matt Gilroy.
18:37 of 1st period - Stopped by Sergei Bobrovsky without a rebound.
18:38 of 1st period - Branko Radivojevic wins face-off versus Nathan Davis in Atomiques zone.
18:53 of 1st period - Snap shot by Michael Bournival.
18:53 of 1st period - Shot Misses the Net.
19:24 of 1st period - Penalty to Tyler Brenner is over, Tyler Brenner is back on ice.
19:33 of 1st period - Roman Polak is hit by Connor Murphy and loses puck.
19:59 of 1st period - Michael Bournival is hit by Brett Sutter.
Goals for this period are 2 for Rafales vs 2 for Atomiques.
Shots for this period are 17 for Rafales vs 18 for Atomiques.
2nd period
0:01 of 2nd period - Mike Zigomanis wins face-off versus Tyler Brenner in neutral zone.
0:10 of 2nd period - Wrist shot by Tyler Brenner.
0:10 of 2nd period - Stopped by John Gibson with a rebound.
0:12 of 2nd period - Slapshot by Alexander Sulzer.
0:12 of 2nd period - Stopped by John Gibson without a rebound.
0:13 of 2nd period - Mike Zigomanis wins face-off versus Tyler Brenner in Rafales zone.
0:13 of 2nd period - Mike Zigomanis is hit by Kenndal McArdle.
0:30 of 2nd period - Minor Penalty to Kenndal McArdle for Hooking.
0:31 of 2nd period - Cody McLeod wins face-off versus Branko Radivojevic in Atomiques zone.
0:31 of 2nd period - Snap shot by Mike Zigomanis.
0:31 of 2nd period - Shot Misses the Net.
0:43 of 2nd period - Snap shot by Milan Bartovic.
0:43 of 2nd period - Stopped by Sergei Bobrovsky without a rebound.
0:44 of 2nd period - Mike Zigomanis wins face-off versus Branko Radivojevic in Atomiques zone.
0:45 of 2nd period - Wrist shot by Milan Bartovic.
0:45 of 2nd period - Shot Misses the Net.
1:19 of 2nd period - Alex Berry is hit by Jeff Skinner and loses puck.
1:52 of 2nd period - Ryan Shannon is hit by Jonas Junland and loses puck.
2:30 of 2nd period - Penalty to Kenndal McArdle is over, Kenndal McArdle is back on ice.
2:59 of 2nd period - Off-side.
3:00 of 2nd period - Nathan Davis wins face-off versus Brett Sutter in neutral zone.
3:07 of 2nd period - Slapshot by Nathan Davis.
3:07 of 2nd period - Goal by Nathan Davis - Rafales : 3 - Atomiques : 2.
3:08 of 2nd period - Marc-André Cliche wins face-off versus Mike Zigomanis in neutral zone.
3:23 of 2nd period - Slapshot by Ryan Shannon.
3:23 of 2nd period - Stopped by John Gibson without a rebound.
3:24 of 2nd period - Tyler Brenner wins face-off versus Jonathan Rheault in Rafales zone.
3:25 of 2nd period - Snap shot by Branko Radivojevic.
3:25 of 2nd period - Deflect By Kenndal McArdle.
3:25 of 2nd period - Shot Misses the Net.
3:25 of 2nd period - Puck is out of play.
3:26 of 2nd period - Ryan Bourque wins face-off versus Tyler Brenner in Rafales zone.
3:26 of 2nd period - Ryan Bourque is hit by Branko Radivojevic.
3:37 of 2nd period - Wrist shot by Tyler Brenner.
3:37 of 2nd period - Shot Misses the Net.
3:39 of 2nd period - Slapshot by Shawn Belle.
3:39 of 2nd period - Stopped by John Gibson without a rebound.
3:40 of 2nd period - Mike Zigomanis wins face-off versus Marc-André Cliche in Rafales zone.
4:55 of 2nd period - Snap shot by Johan Ryno.
4:55 of 2nd period - Stopped by Sergei Bobrovsky with a rebound.
5:15 of 2nd period - Snap shot by Marc-André Cliche.
5:15 of 2nd period - Shot Misses the Net.
6:11 of 2nd period - Snap shot by Tyler Brenner.
6:11 of 2nd period - Shot Misses the Net.
6:13 of 2nd period - Slapshot by Kyle Wharton.
6:13 of 2nd period - Shot Misses the Net.
6:15 of 2nd period - Backhand shot by Tyler Brenner.
6:15 of 2nd period - Stopped by John Gibson without a rebound.
6:16 of 2nd period - Ryan Shannon wins face-off versus Mike Zigomanis in Rafales zone.
6:17 of 2nd period - Wrist shot by Andrew Kozek.
6:17 of 2nd period - Deflect By Ryan Shannon.
6:17 of 2nd period - Stopped by John Gibson with a rebound.
6:41 of 2nd period - Willie Mitchell is hit by Brett Sutter and loses puck.
6:52 of 2nd period - Slapshot by Jeff Skinner.
6:52 of 2nd period - Deflect By Shawn Belle.
6:52 of 2nd period - Stopped by Sergei Bobrovsky without a rebound.
6:53 of 2nd period - Mike Zigomanis wins face-off versus Marc-André Cliche in Atomiques zone.
6:54 of 2nd period - Snap shot by Milan Bartovic.
6:54 of 2nd period - Deflect By Mike Zigomanis.
6:54 of 2nd period - Stopped by Sergei Bobrovsky with a rebound.
6:56 of 2nd period - Wrist shot by Cody McLeod.
6:56 of 2nd period - Goal by Cody McLeod - Rafales : 4 - Atomiques : 2.
6:57 of 2nd period - Milan Bartovic wins face-off versus Kenndal McArdle in neutral zone.
7:00 of 2nd period - Kenndal McArdle is hit by Matt Gilroy and loses puck.
7:23 of 2nd period - Ryan Bourque is hit by Alexander Sulzer and loses puck.
7:46 of 2nd period - Kyle Wharton is hit by Matt Gilroy and loses puck.
8:25 of 2nd period - Michael Bournival is hit by Tyler Brenner and loses puck.
8:43 of 2nd period - Icing by Cody McLeod.
8:44 of 2nd period - Marc-André Cliche wins face-off versus Mike Zigomanis in Rafales zone.
9:28 of 2nd period - Minor Penalty to John McCarthy for Hooking.
9:29 of 2nd period - Branko Radivojevic wins face-off versus Cody McLeod in Atomiques zone.
9:43 of 2nd period - Alexander Sulzer is hit by Mike Zigomanis and loses puck.
9:54 of 2nd period - Mark Fayne is hit by Ryan Shannon and loses puck.
10:03 of 2nd period - Shawn Belle is hit by Michael Bournival and loses puck.
11:28 of 2nd period - Penalty to John McCarthy is over, John McCarthy is back on ice.
11:56 of 2nd period - Roman Polak is hit by Marc-André Gragnani and loses puck.
12:07 of 2nd period - Matt Gilroy is hit by Dmitri Orlov and loses puck.
13:08 of 2nd period - Mike Sislo is hit by Roman Polak and loses puck.
14:25 of 2nd period - Willie Mitchell is hit by Davis Drewiske and loses puck.
14:40 of 2nd period - Matt Gilroy is hit by Ryan Shannon and loses puck.
14:53 of 2nd period - Dmitri Orlov is hit by Mike Sislo and loses puck.
15:00 of 2nd period - Nathan Davis is hit by Kenndal McArdle and loses puck.
16:10 of 2nd period - Matt Gilroy is hit by Kenndal McArdle and loses puck.
16:36 of 2nd period - Mark Fayne is hit by Shawn Belle.
16:40 of 2nd period - Jeff Skinner is hit by John McCarthy and loses puck.
16:51 of 2nd period - Marc-André Gragnani is hit by Mike Halmo and loses puck.
16:58 of 2nd period - Slapshot by Shawn Belle.
16:58 of 2nd period - Shot Misses the Net.
17:12 of 2nd period - Jonas Junland is hit by Shawn Belle and loses puck.
17:50 of 2nd period - Alex Berry is hit by Jonathan Rheault and loses puck.
17:59 of 2nd period - Jonathan Rheault is hit by Alex Berry.
18:03 of 2nd period - Matt Gilroy is hit by Shawn Belle and loses puck.
18:18 of 2nd period - Connor Murphy is hit by Shawn Belle and loses puck.
18:35 of 2nd period - Slapshot by Kevin Veilleux.
18:35 of 2nd period - Stopped by Sergei Bobrovsky without a rebound.
18:36 of 2nd period - Anthony Nigro wins face-off versus Kevin Veilleux in Atomiques zone.
19:01 of 2nd period - Anthony Nigro is hit by Johan Ryno and loses puck.
19:06 of 2nd period - Slapshot by Marc-André Gragnani.
19:06 of 2nd period - Shot Misses the Net.
19:08 of 2nd period - Slapshot by Jonas Junland.
19:08 of 2nd period - Deflect By Michael Bournival.
19:08 of 2nd period - Shot Blocked by Roman Polak.
19:08 of 2nd period - Puck is out of play.
19:09 of 2nd period - Mike Zigomanis wins face-off versus Tyler Brenner in Atomiques zone.
19:10 of 2nd period - Snap shot by Cody McLeod.
19:10 of 2nd period - Shot Misses the Net.
19:35 of 2nd period - Willie Mitchell is hit by John McCarthy and loses puck.
19:49 of 2nd period - Icing by Mike Zigomanis.
19:50 of 2nd period - Cody McLeod wins face-off versus Tyler Brenner in Rafales zone.
Goals for this period are 2 for Rafales vs 0 for Atomiques.
Shots for this period are 7 for Rafales vs 6 for Atomiques.
3rd period
0:01 of 3rd period - Tyler Brenner wins face-off versus Mike Zigomanis in neutral zone.
0:31 of 3rd period - Wrist shot by Jonathan Rheault.
0:31 of 3rd period - Shot Misses the Net.
2:01 of 3rd period - Jonathan Rheault is hit by Marc-André Cliche and loses puck.
2:21 of 3rd period - Mike Sislo is hit by Brett Sutter and loses puck.
2:30 of 3rd period - Matt Gilroy is hit by Alex Berry and loses puck.
2:41 of 3rd period - Kenndal McArdle is hit by Matt Gilroy and loses puck.
3:12 of 3rd period - Kyle Wharton is hit by Matt Gilroy and loses puck.
3:34 of 3rd period - Anthony Nigro is hit by Willie Mitchell and loses puck.
3:47 of 3rd period - Shawn Belle is hit by Willie Mitchell and loses puck.
3:54 of 3rd period - Slapshot by Nathan Davis.
3:54 of 3rd period - Shot Blocked by Brett Sutter.
4:15 of 3rd period - Slapshot by Cody McLeod.
4:15 of 3rd period - Shot Blocked by Dmitri Orlov.
4:17 of 3rd period - Snap shot by Cody McLeod.
4:17 of 3rd period - Shot Misses the Net.
4:19 of 3rd period - Wrist shot by Cody McLeod.
4:19 of 3rd period - Stopped by Sergei Bobrovsky with a rebound.
4:55 of 3rd period - Snap shot by Jonathan Rheault.
4:55 of 3rd period - Stopped by Sergei Bobrovsky with a rebound.
4:57 of 3rd period - Slapshot by Mark Fayne.
4:57 of 3rd period - Deflect By Jonathan Rheault.
4:57 of 3rd period - Shot Blocked by Anthony Nigro.
4:57 of 3rd period - Puck is out of play.
4:58 of 3rd period - Ryan Bourque wins face-off versus Tyler Brenner in Atomiques zone.
5:13 of 3rd period - Slapshot by Branko Radivojevic.
5:13 of 3rd period - Stopped by John Gibson without a rebound.
5:14 of 3rd period - Marc-André Cliche wins face-off versus Mike Zigomanis in Rafales zone.
5:19 of 3rd period - Snap shot by Andrew Kozek.
5:19 of 3rd period - Goal by Andrew Kozek - Rafales : 4 - Atomiques : 3.
5:20 of 3rd period - Tyler Brenner wins face-off versus Mike Zigomanis in neutral zone.
5:54 of 3rd period - Slapshot by Ryan Shannon.
5:54 of 3rd period - Stopped by John Gibson without a rebound.
5:55 of 3rd period - Mike Zigomanis wins face-off versus Tyler Brenner in Rafales zone.
6:20 of 3rd period - Cody McLeod is hit by Davis Drewiske and loses puck.
6:37 of 3rd period - Snap shot by Mike Zigomanis.
6:37 of 3rd period - Shot Blocked by Kyle Wharton.
6:55 of 3rd period - Snap shot by John McCarthy.
6:55 of 3rd period - Shot Misses the Net.
6:57 of 3rd period - Slapshot by Kyle Wharton.
6:57 of 3rd period - Stopped by John Gibson without a rebound.
6:58 of 3rd period - Tyler Brenner wins face-off versus Ryan Bourque in Rafales zone.
7:34 of 3rd period - Snap shot by Mitch Callahan.
7:34 of 3rd period - Goal by Mitch Callahan - Rafales : 4 - Atomiques : 4.
7:35 of 3rd period - Nathan Davis wins face-off versus Tyler Brenner in neutral zone.
7:38 of 3rd period - Slapshot by Matt Gilroy.
7:38 of 3rd period - Stopped by Sergei Bobrovsky with a rebound.
8:10 of 3rd period - Wrist shot by Milan Bartovic.
8:10 of 3rd period - Stopped by Sergei Bobrovsky with a rebound.
8:28 of 3rd period - Wrist shot by Jonathan Rheault.
8:28 of 3rd period - Shot Blocked by Alex Berry.
8:30 of 3rd period - Wrist shot by Ryan Bourque.
8:30 of 3rd period - Stopped by Sergei Bobrovsky with a rebound.
8:32 of 3rd period - Slapshot by Matt Gilroy.
8:32 of 3rd period - Shot Misses the Net.
9:10 of 3rd period - Wrist shot by Nathan Davis.
9:10 of 3rd period - Stopped by Sergei Bobrovsky with a rebound.
9:12 of 3rd period - Snap shot by Nathan Davis.
9:12 of 3rd period - Shot Blocked by Roman Polak.
9:14 of 3rd period - Slapshot by Nathan Davis.
9:14 of 3rd period - Shot Misses the Net.
10:03 of 3rd period - Matt Gilroy is hit by Shawn Belle and loses puck.
10:26 of 3rd period - Anthony Nigro is hit by Nathan Davis and loses puck.
10:45 of 3rd period - Off-side.
10:46 of 3rd period - Mike Zigomanis wins face-off versus Marc-André Cliche in neutral zone.
11:13 of 3rd period - Alexander Sulzer is hit by Jonathan Rheault and loses puck.
12:18 of 3rd period - Snap shot by Cody McLeod.
12:18 of 3rd period - Deflect By Mike Zigomanis.
12:18 of 3rd period - Stopped by Sergei Bobrovsky with a rebound.
12:20 of 3rd period - Slapshot by Matt Gilroy.
12:20 of 3rd period - Stopped by Sergei Bobrovsky without a rebound.
12:21 of 3rd period - Marc-André Cliche wins face-off versus Mike Zigomanis in Atomiques zone.
12:21 of 3rd period - Marc-André Cliche is hit by Cody McLeod.
12:27 of 3rd period - Jonas Junland is hit by Davis Drewiske and loses puck.
12:46 of 3rd period - Jonathan Rheault is hit by Alex Berry and loses puck.
13:14 of 3rd period - Jonas Junland is hit by Kenndal McArdle and loses puck.
13:21 of 3rd period - Slapshot by Tim Crowder.
13:21 of 3rd period - Deflect By Mike Sislo.
13:21 of 3rd period - Stopped by Sergei Bobrovsky with a rebound.
13:33 of 3rd period - Snap shot by Ryan Shannon.
13:33 of 3rd period - Shot Misses the Net.
13:39 of 3rd period - Roman Polak is hit by Matt Gilroy and loses puck.
13:54 of 3rd period - Wrist shot by Milan Bartovic.
13:54 of 3rd period - Goal by Milan Bartovic - Rafales : 5 - Atomiques : 4.
13:55 of 3rd period - Tyler Brenner wins face-off versus Mike Zigomanis in neutral zone.
14:02 of 3rd period - Slapshot by Cody McLeod.
14:02 of 3rd period - Shot Misses the Net.
14:27 of 3rd period - Slapshot by Jonathan Rheault.
14:27 of 3rd period - Shot Blocked by Alexander Sulzer.
14:45 of 3rd period - Snap shot by Brett Sutter.
14:45 of 3rd period - Shot Blocked by Willie Mitchell.
14:47 of 3rd period - Wrist shot by Brett Sutter.
14:47 of 3rd period - Goal by Brett Sutter - Rafales : 5 - Atomiques : 5.
14:48 of 3rd period - Mike Zigomanis wins face-off versus Tyler Brenner in neutral zone.
14:59 of 3rd period - Snap shot by Cody McLeod.
14:59 of 3rd period - Stopped by Sergei Bobrovsky without a rebound.
15:00 of 3rd period - Tyler Brenner wins face-off versus Mike Zigomanis in Atomiques zone.
15:11 of 3rd period - Slapshot by Kenndal McArdle.
15:11 of 3rd period - Stopped by John Gibson without a rebound.
15:12 of 3rd period - Branko Radivojevic wins face-off versus Nathan Davis in Rafales zone.
15:25 of 3rd period - Snap shot by Branko Radivojevic.
15:25 of 3rd period - Stopped by John Gibson without a rebound.
15:26 of 3rd period - Brett Sutter wins face-off versus Mike Zigomanis in Rafales zone.
16:05 of 3rd period - Snap shot by Cody McLeod.
16:05 of 3rd period - Deflect By Marc-André Cliche.
16:05 of 3rd period - Stopped by Sergei Bobrovsky without a rebound.
16:06 of 3rd period - Tyler Brenner wins face-off versus Nathan Davis in Atomiques zone.
16:08 of 3rd period - Minor Penalty to Branko Radivojevic for Holding.
16:09 of 3rd period - Alex Berry wins face-off versus Mike Zigomanis in Atomiques zone.
16:24 of 3rd period - Minor Penalty to Tyler Brenner for Kneeing.
16:25 of 3rd period - Alex Berry wins face-off versus Mike Zigomanis in Atomiques zone.
17:13 of 3rd period - Cody McLeod is hit by Brett Sutter and loses puck.
17:24 of 3rd period - Cody McLeod is hit by Brett Sutter and loses puck.
18:08 of 3rd period - Penalty to Branko Radivojevic is over, Branko Radivojevic is back on ice.
18:24 of 3rd period - Penalty to Tyler Brenner is over, Tyler Brenner is back on ice.
18:37 of 3rd period - Slapshot by Davis Drewiske.
18:37 of 3rd period - Deflect By Ryan Shannon.
18:37 of 3rd period - Shot Blocked by Matt Gilroy.
18:37 of 3rd period - Puck is out of play.
18:38 of 3rd period - Marc-André Cliche wins face-off versus Ryan Bourque in Rafales zone.
18:41 of 3rd period - Slapshot by Andrew Kozek.
18:41 of 3rd period - Stopped by John Gibson with a rebound.
18:43 of 3rd period - Slapshot by Ryan Shannon.
18:43 of 3rd period - Shot Blocked by Willie Mitchell.
18:47 of 3rd period - Snap shot by Ryan Shannon.
18:47 of 3rd period - Stopped by John Gibson without a rebound.
18:48 of 3rd period - Ryan Bourque wins face-off versus Brett Sutter in Rafales zone.
18:55 of 3rd period - Snap shot by John McCarthy.
18:55 of 3rd period - Deflect By Brett Sutter.
18:55 of 3rd period - Shot Blocked by Willie Mitchell.
18:55 of 3rd period - Puck is out of play.
18:56 of 3rd period - Nathan Davis wins face-off versus Brett Sutter in Rafales zone.
18:56 of 3rd period - Nathan Davis is hit by John McCarthy.
19:12 of 3rd period - Snap shot by Mike Sislo.
19:12 of 3rd period - Stopped by Sergei Bobrovsky without a rebound.
19:13 of 3rd period - Marc-André Cliche wins face-off versus Ryan Bourque in Atomiques zone.
19:34 of 3rd period - Minor Penalty to Shawn Belle for Roughing.
19:35 of 3rd period - Mike Zigomanis wins face-off versus Branko Radivojevic in Atomiques zone.
19:48 of 3rd period - Snap shot by Mike Zigomanis.
19:48 of 3rd period - Stopped by Sergei Bobrovsky without a rebound.
19:49 of 3rd period - Branko Radivojevic wins face-off versus Mike Zigomanis in Atomiques zone.
19:54 of 3rd period - Slapshot by Alexander Sulzer.
19:54 of 3rd period - Deflect By Tyler Brenner.
19:54 of 3rd period - Shot Misses the Net.
19:54 of 3rd period - Puck is out of play.
19:55 of 3rd period - Branko Radivojevic wins face-off versus Mike Zigomanis in Rafales zone.
Goals for this period are 1 for Rafales vs 3 for Atomiques.
Shots for this period are 14 for Rafales vs 10 for Atomiques.
Overtime #1
0:01 of 1st overtime period - Mike Zigomanis wins face-off versus Branko Radivojevic in neutral zone.
0:42 of 1st overtime period - Slapshot by Dmitri Orlov.
0:42 of 1st overtime period - Stopped by John Gibson without a rebound.
0:43 of 1st overtime period - Jeff Skinner wins face-off versus Tyler Brenner in Rafales zone.
0:54 of 1st overtime period - Wrist shot by Michael Bournival.
0:54 of 1st overtime period - Deflect By Jeff Skinner.
0:54 of 1st overtime period - Shot Misses the Net.
0:54 of 1st overtime period - Puck is out of play.
0:55 of 1st overtime period - Mike Zigomanis wins face-off versus Branko Radivojevic in Atomiques zone.
0:58 of 1st overtime period - Wrist shot by Mike Zigomanis.
0:58 of 1st overtime period - Stopped by Sergei Bobrovsky with a rebound.
1:00 of 1st overtime period - Slapshot by Mark Fayne.
1:00 of 1st overtime period - Stopped by Sergei Bobrovsky without a rebound.
1:01 of 1st overtime period - Mike Zigomanis wins face-off versus Branko Radivojevic in Atomiques zone.
1:16 of 1st overtime period - Wrist shot by Mike Zigomanis.
1:16 of 1st overtime period - Shot Blocked by Alexander Sulzer.
1:34 of 1st overtime period - Penalty to Shawn Belle is over, Shawn Belle is back on ice.
2:44 of 1st overtime period - Connor Murphy is hit by Kenndal McArdle.
4:36 of 1st overtime period - Marc-André Gragnani is hit by Tyler Brenner and loses puck.
4:51 of 1st overtime period - Slapshot by Ryan Shannon.
4:51 of 1st overtime period - Stopped by John Gibson with a rebound.
4:53 of 1st overtime period - Slapshot by Kyle Wharton.
4:53 of 1st overtime period - Stopped by John Gibson without a rebound.
4:54 of 1st overtime period - Kenndal McArdle wins face-off versus Mike Zigomanis in Rafales zone.
Goals for this period are 0 for Rafales vs 0 for Atomiques.
Shots for this period are 2 for Rafales vs 3 for Atomiques.
ShootOut
5:00 of 1st overtime period - Penalty Shot by Mike Zigomanis for Rafales.
5:00 of 1st overtime period - Wrist shot by Mike Zigomanis.
5:00 of 1st overtime period - Shot Misses the Net.
5:00 of 1st overtime period - Penalty Shot by Branko Radivojevic for Atomiques.
5:00 of 1st overtime period - Snap shot by Branko Radivojevic.
5:00 of 1st overtime period - Stopped by John Gibson.
5:00 of 1st overtime period - Penalty Shot by Cody McLeod for Rafales.
5:00 of 1st overtime period - Deke by Cody McLeod.
5:00 of 1st overtime period - Stopped by Sergei Bobrovsky.
5:00 of 1st overtime period - Penalty Shot by Tyler Brenner for Atomiques.
5:00 of 1st overtime period - Snap shot by Tyler Brenner.
5:00 of 1st overtime period - Stopped by John Gibson.
5:00 of 1st overtime period - Penalty Shot by Milan Bartovic for Rafales.
5:00 of 1st overtime period - Backhand shot by Milan Bartovic.
5:00 of 1st overtime period - Stopped by Sergei Bobrovsky.
5:00 of 1st overtime period - Penalty Shot by Kenndal McArdle for Atomiques.
5:00 of 1st overtime period - Backhand shot by Kenndal McArdle.
5:00 of 1st overtime period - Goal by Kenndal McArdle.
Back to the Top